 Dungeon Crawl Stone Soup version 0.31.0-4-g52a2dc7128 (webtiles) character file.

Game seed: 3269881359472047000

234 James the Sneak (level 5, -2/25 HPs)
             Began as a Spriggan Enchanter on Jan 21, 2024.
             Slain by a gnoll
             ... wielding a +2 flail of protection
             ... led by a gnoll bouda
              (12 damage)
             ... on level 4 of the Dungeon.
             The game lasted 00:13:50 (3366 turns).

James the Sneak (Spriggan Enchanter)                Turns: 3366, Time: 00:13:50

Health: -2/25      AC:  2    Str:  4    XL:     5   Next: 75%
Magic:  5/11       EV: 17    Int: 18    God:
Gold:   182        SH:  0    Dex: 16    Spells: 2/10 levels left

rFire   . . .        a - +4 dagger (venom)
rCold   . . .        (no shield)
rNeg    . . .        o - +0 robe
rPois   .            (helmet restricted)
rElec   .            (no cloak)
rCorr   .            (gloves unavailable)
SInv    +            (boots unavailable)
Will    +....        (no amulet)
Stlth   +++          x - ring of willpower
HPRegen 0.24/turn    (no ring)
MPRegen 0.12/turn

%: no passive effects
@: very quick
A: very small, no large weapons, unfitting armour, see invisible, speed 3
a: no special abilities


You were on level 4 of the Dungeon.
You visited 1 branch of the dungeon, and saw 4 of its levels.

You collected 182 gold pieces.

Inventory:

Hand Weapons
 a - a +4 dagger of venom (weapon)
   (You found it on level 1 of the Dungeon)
 b - the +8 spear of Biosic {elec, Int+4 Dex+3}
   (You found it on level 2 of the Dungeon)

   Int+4:     It affects your intelligence (+4).
   Dex+3:     It affects your dexterity (+3).
 g - a +1 dagger
 h - a +3 dagger
   (You found it on level 1 of the Dungeon)
 r - a +0 dagger of electrocution
   (You took it off a goblin on level 2 of the Dungeon)
Missiles
 e - 51 stones (quivered)
 j - 3 poisoned darts
 m - 2 curare-tipped darts {!f}
Armour
 o - a +0 robe (worn)
Jewellery
 x - a ring of willpower (left hand)
   (You found it on level 4 of the Dungeon)
Wands
 t - a wand of flame (20)
   (You found it on level 2 of the Dungeon)
Scrolls
 f - a scroll of fear {unknown}
 i - a scroll of summoning {unknown}
 l - 2 scrolls of enchant weapon {unknown}
 q - 2 scrolls of blinking {unknown}
 s - 2 scrolls of teleportation {unknown}
 v - a scroll of acquirement {unknown}
 w - 3 scrolls of fog {unknown}
Potions
 c - 2 potions of invisibility
 d - a potion of heal wounds {unknown}
 k - a potion of lignification {unknown}
 n - a potion of haste {unknown}
 p - a potion of might {unknown}
 u - a potion of curing {unknown}


   Skills:
 + Level 1.5 Fighting
 + Level 3.6 Short Blades
 - Level 3.0 Dodging
 * Level 6.0 Stealth
 + Level 3.4 Spellcasting
 + Level 4.3 Hexes
 - Level 1.0 Ice Magic


You had 2 spell levels left.
You knew the following spells:

 Your Spells              Type           Power      Damage    Failure   Level
a - Confusing Touch       Hex            18%        N/A       8%          3
d - Tukima's Dance        Hex            18%        N/A       8%          3
x - Ensorcelled Hibernat  Hex/Ice        24%        N/A       8%          2

Your spell library contained the following spells:

 Spells                   Type           Power      Damage    Failure   Level
 Dazzling Flash           Conj/Hex       20%        N/A       19%         3
 Animate Dead             Necr           3%         N/A       83%         4
 Haunt                    Necr/Summ      1%         N/A       100%        7
 Infestation              Necr           1%         N/A       100%        8


Dungeon Overview and Level Annotations

Branches:
Dungeon (4/15)
 Temple: D:4-7

Altars:
Cheibriados
Okawaru

Annotations:
D:4 exclusion: 4 doors


Innate Abilities, Weirdness & Mutations

You are very small and have problems with some larger weapons.
You are too small for most types of armour.
You have supernaturally acute eyesight. (SInv)
You cover ground extremely quickly. (Speed+++)


Message History

There is a stone staircase leading down here.
Found a leather armour.
You open the door.
A giant cockroach, a gnoll bouda and 4 gnolls come into view.
A gnoll is wielding a +2 flail of protection.
The gnoll shouts! x2; The gnoll bouda shouts!
The gnoll bouda barks out a call to the hunt!
The gnolls pick up the pace!
Unknown command.
You see here a +0 leather armour.
There is a stone staircase leading down here.
The gnoll is no longer moving quickly.
There is an escape hatch in the ceiling here.
You hit the gnoll. The gnoll misses you.
You hit the gnoll.
The gnoll is poisoned.
The gnoll hits you with a +0 club!
You barely miss the gnoll. The gnoll hits you with a +0 club!
* * * LOW HITPOINT WARNING * * *
You kill the gnoll!
You see here a ball python skeleton.
There is an open door here.
A shadow imp comes into view.
Found an iron altar of Okawaru.
The shadow imp shouts, "Slither away, thou frothy hell-hated bite-bait!"
You hit the shadow imp. You hit the shadow imp.
The shadow imp barely misses you.
You closely miss the shadow imp. The shadow imp closely misses you.
You hit the shadow imp.
You kill the shadow imp!
There is an open door here.
There is an iron altar of Okawaru here.
The giant cockroach barely misses you.
You hit the giant cockroach.
The giant cockroach is poisoned.
The giant cockroach misses you.
You barely miss the giant cockroach.
You kill the giant cockroach!
Your Stealth skill increases to level 6!
Press: ? - help, Shift-Dir - straight line, f - gnoll
Aim: a gnoll, wielding a +2 flail of protection (chance to affect: 54%)
The gnoll resists with significant effort.
The gnoll hits you with a +2 flail of protection.
* * * LOW HITPOINT WARNING * * *
Press: ? - help, Shift-Dir - straight line, f/p - gnoll
Aim: a gnoll, wielding a +2 flail of protection (chance to affect: 54%)
The gnoll resists with significant effort.
The gnoll misses you.
Press: ? - help, Shift-Dir - straight line, f/p - gnoll
Aim: a gnoll, wielding a +2 flail of protection (chance to affect: 54%)
The gnoll resists with significant effort.
The gnoll hits you with a +2 flail of protection!
You die...

###
#.####################....##.
..###g###### ###.....
.#.#..g....# ##.##.
#..#..g..g.# #### #.##)
...#....g[g#..g.## ##'##.
...##......'B....' #.....
##..########g...## #.....
##...)g...######## #.....
....#####÷#....#@# ##'#
###### ....# #g#....#g#.B..#
#...# #.#.......#### .#..#
#.#............ ..#.#
#.##g#....#.### ....#
#.##.####.#... ###.# #....#
.# ##. #†# ###### .# . #<# .#


You could see a gnoll.

Vanquished Creatures
  A bombardier beetle (D:4)
  A hound (D:4)
  Robin (D:2)
  2 gnolls (D:4)
  5 adders
  A shadow imp (D:4)
  2 dart slugs
  2 ribbon worms
  An orc (D:4)
  5 ball pythons
  3 endoplasms
  2 giant cockroaches
  11 goblins
  7 hobgoblins
  11 jackals
  3 quokkas
  9 bats
  A frilled lizard (D:3)
  9 kobolds
  6 rats
83 creatures vanquished.

Notes
Turn   | Place    | Note
-------+----------+-------------------------------------------
     0 | D:1      | James the Spriggan Enchanter began the quest for the Orb.
     0 | D:1      | Reached XP level 1. HP: 9/9 MP: 5/5
   116 | D:1      | Reached XP level 2. HP: 11/13 MP: 6/6
   163 | D:1      | Learned a level 2 spell: Ensorcelled Hibernation
   585 | D:1      | Reached skill level 5 in Stealth
   751 | D:1      | Reached XP level 3. HP: 17/17 MP: 8/8
   755 | D:1      | Learned a level 3 spell: Confusing Touch
  1583 | D:2      | Identified the +8 spear of Biosic {elec, Int+4 Dex+3}
  1759 | D:2      | Noticed Robin
  1817 | D:2      | Reached skill level 1 in Fighting
  1864 | D:2      | Killed Robin
  1908 | D:2      | Reached XP level 4. HP: 19/22 MP: 9/9
  2429 | D:3      | Reached skill level 1 in Ice Magic
  2433 | D:3      | Learned a level 3 spell: Tukima's Dance
  2499 | D:3      | Found a snail-covered altar of Cheibriados.
  2900 | D:4      | Reached XP level 5. HP: 25/25 MP: 5/10
  3352 | D:4      | Found an iron altar of Okawaru.
  3364 | D:4      | Reached skill level 6 in Stealth
  3366 | D:4      | Slain by a gnoll

Illustrated notes

Levels and vault maps discovered:
D:1:      saegor_arrival_simple_d, layout_loops_ring, serial_bayou_crossing
D:2:      layout_loops_corners, uniq_robin
D:3:      layout_rooms, mainiacjoe_overflow_cross_hatched
D:4:      lemuel_castle_with_subvaults [lemuel_castle_interior_carwin_2],
          layout_basic, led_sif_book, kennysheep_mini, glass_columns_a,
          minivault_26

Skill      XL: |  1  2  3  4  5 |
---------------+----------------+-----
Dodging        | 3 |  3.0
Short Blades   | 2 3 |  3.6
Stealth        | 5 6 |  6.0
Spellcasting   | 3 |  3.4
Fighting       | 1 |  1.5
Hexes          | 4 |  4.3
Ice Magic      | 1 |  1.0

Action                     |  1- 3 |  4- 6 || total
---------------------------+-------+-------++-------
  Melee: Dagger            |   114 |    76 ||   190
   Cast: Ensorcelled Hiber |     3 |     9 ||    12
   Stab: Sleeping          |    17 |    10 ||    27
 Armour: Robe              |    26 |    27 ||    53
  Dodge: Dodged            |    92 |    65 ||   157
